Map: Babylon LE

Players

IIIIlllllIII

  • Race: Zerg Zerg
  • League: Master
  • Spawn Location: 5:00

VertiGGo - Winner!

  • Race: Zerg Zerg
  • League: Master
  • Spawn Location: 11:00

VOD

Have the link to the VOD?

Description

Time

  • Played on: Sept. 9, 2023, 8:49 p.m.
  • Length: 7:13
Show
View Real Time Build Order
Export as new Build Order

IIIIlllllIII Zerg 

Build Orders: 1 Base Baneling Bust, Pool First 

Get SALT Encoding   

  12  0:00  Drone  
  13  0:22  Spawning Pool  
  13  0:27  Drone  
  13  0:30  Drone  
  14  0:37  Extractor  
  14  0:38  Drone  
  14  0:45  Overlord  
  14  1:09  Zergling x4  
  14  1:10  Zergling x2  
  17  1:13  Queen  
  19  1:21  Zergling x2  
  20  1:29  Baneling Nest  
  20  1:31  Zergling x2  
  20  1:42  Zergling x2  
  21  1:53  Overlord  
  21  2:00  Metabolic Boost  
  20  2:16  Baneling  
  20  2:32  Hatchery, Drone  
  20  2:39  Drone  
  20  2:42  Drone  
  22  2:50  Drone  
  22  2:51  Drone  
  22  2:59  Zergling x2  
  22  3:01  Zergling x2  
  21  3:13  Queen  
  21  3:17  Baneling x2  
  21  3:18  Zergling x2  
  24  3:23  Zergling x2  
  24  3:26  Drone  
  25  3:34  Zergling x2  
  25  3:39  Drone  
  25  3:46  Zergling x2, Queen  
  27  3:53  Drone  
  27  3:54  Drone  
  29  3:56  Drone x2  
  29  4:02  Drone  
  32  4:07  Drone x2  
  34  4:18  Overlord  
  34  4:20  Lair  
  34  4:22  Drone  
  35  4:28  Overlord  
  33  4:39  Drone x2  
  33  4:42  Extractor  
  34  4:46  Overlord  
  34  4:59  Drone x4  
  37  5:02  Drone  
  38  5:08  Drone x2  
  38  5:09  Zergling x2  
  38  5:10  Zergling x2  
  42  5:15  Zergling x2  
  42  5:19  Spine Crawler  
  40  5:22  Zergling x2  
  41  5:32  Zergling x2  
  41  5:33  Zergling x2  
  41  5:38  Zergling x2  
  41  5:39  Zergling x4  
  41  5:40  Zergling x2  
  41  5:42  Zergling x2  
  35  5:51  Zergling x2  
  35  5:54  Zergling x2  
  29  6:01  Zergling x2  
Show
View Real Time Build Order
Export as new Build Order

VertiGGo Zerg - Winner!

Build Orders: Pool First 

Get SALT Encoding   

  12  0:00  Drone  
  13  0:12  Overlord  
  13  0:17  Drone  
  14  0:30  Drone x2  
  16  0:37  Extractor  
  15  0:43  Spawning Pool  
  15  0:46  Drone  
  15  0:50  Drone  
  15  0:55  Drone  
  17  1:29  Zergling x6  
  17  1:31  Queen  
  22  1:37  Metabolic Boost  
  22  1:49  Overlord  
  22  2:01  Spine Crawler  
  21  2:09  Queen  
  21  2:11  Zergling x2  
  21  2:12  Zergling x2  
  26  2:15  Zergling x2  
  26  2:26  Zergling x2  
  26  2:41  Zergling x8  
  30  2:45  Roach Warren  
  23  3:08  Drone x2  
  23  3:09  Extractor  
  23  3:11  Drone  
  25  3:19  Drone  
  26  3:21  Queen  
  28  3:31  Drone x2  
  29  3:45  Drone  
  29  3:48  Overlord x2  
  29  3:58  Overlord  
  29  4:08  Roach x2  
  33  4:13  Roach  
  35  4:21  Roach  
  37  4:28  Roach x3  
  43  4:37  Roach  
  45  4:43  Queen  
  49  4:45  Roach  
  49  4:56  Roach x2  
  53  5:03  Ravager x3  
  54  5:12  Overlord  
  54  5:21  Lair  
  54  5:34  Ravager  
  53  5:44  Drone x2  
  53  5:45  Drone x3  
  56  5:54  Drone x4  
  54  6:09  Hatchery  
  54  6:18  Drone x2  
  54  6:31  Drone  
  54  6:34  Drone  
  54  6:43  Drone  
  54  6:53  Overlord  
  54  6:54  Drone x2  
  54  6:55  Drone  
Tags
 
Add a new tag
Caveats
  • Supply blocks, unpowered buildings, or Contaminate may cause inaccurate times.
  • Supply counts are checked every 10 seconds.